 Dungeon Crawl Stone Soup version 0.31-a0-210-gccc998df9b (webtiles) character file.

Game seed: 1747148651355600480

167 qw the Shooter (level 5, -5/45 HPs)
             Began as a Minotaur Hexslinger on June 29, 2023.
             Slain by an iguana (12 damage)
             ... on level 4 of the Dungeon.
             The game lasted 00:01:10 (2658 turns).

qw the Shooter (Minotaur Hexslinger)                Turns: 2658, Time: 00:01:10

Health: -5/45      AC:  7    Str: 13    XL:     5   Next: 23%
Magic:  5/5        EV: 11    Int: 10    God:
Gold:   183        SH:  0    Dex: 14    Spells: 5/6 levels left

rFire   . . .        Y - +2 sling
rCold   . . .        (no shield)
rNeg    . . .        f - +0 ring mail
rPois   .            (helmet restricted)
rElec   .            (no cloak)
rCorr   .            a - +1 pair of gloves
SInv    .            (no boots)
Will    .....        (no amulet)
Stlth   +            (no ring)
HPRegen 0.27/turn    (no ring)
MPRegen 0.09/turn

%: no passive effects
@: no status effects
A: horns 2, retaliatory headbutt
a: no special abilities


You were on level 4 of the Dungeon.
You visited 1 branch of the dungeon, and saw 4 of its levels.

You collected 183 gold pieces.


Innate Abilities, Weirdness & Mutations

You have a pair of horns on your head.
You reflexively headbutt those who attack you in melee.


   Skills:
 - Level 3.4 Fighting
 + Level 5.0 Ranged Weapons
 - Level 1.1 Armour
 - Level 2.1 Dodging
 - Level 1.0 Spellcasting
 - Level 2.0 Hexes


You had 5 spell levels left.
You knew the following spells:

 Your Spells              Type           Power      Damage    Failure   Level
a - Slow                  Hex            16%        N/A       32%         1

Your spell library contained the following spells:

 Spells                   Type           Power      Damage    Failure   Level
 Inner Flame              Hex/Fire       2%         N/A       82%         3
 Portal Projectile        Hex/Tloc       4%         N/A       82%         3
 Cause Fear               Hex            2%         N/A       97%         4

Inventory:

Hand Weapons
 Y - a +2 sling (weapon)
Armour
 a - a +1 pair of gloves (worn)
 b - the +1 robe of Marbles {+Blink +Inv rC+ Dex+3}
   (You took it off a hobgoblin on level 4 of the Dungeon)

   Dex:       It affects your dexterity (+3).
   rC:        It protects you from cold.
   +Inv:      It lets you turn invisible.
   +Blink:    It lets you blink.
 f - a +0 ring mail (worn)
Scrolls
 c - a scroll of identify
 d - a scroll of fog {unknown}
Potions
 e - a potion of degeneration {unknown}
 g - a potion of berserk rage {unknown}
 h - a potion of invisibility {unknown}
 i - a potion of enlightenment {unknown}
 j - a potion of haste

Dungeon Overview and Level Annotations

Branches:
Dungeon (4/15)
 Temple: D:4-7

Altars:

Annotations:
D:2 exclusion: gnoll


Message History

Found a hand axe.
Enter note:
Enter note: You see here a +0 hand axe.
An iguana comes into view.
The iguana hisses angrily.
Enter note:
Enter note: You shoot a sling bullet.
The sling bullet hits the iguana.
The iguana is moderately wounded.
You shoot a sling bullet.
The sling bullet hits the iguana but does no damage.
The iguana is moderately wounded.
You shoot a sling bullet. The sling bullet hits the iguana.
The iguana is heavily wounded.
You shoot a sling bullet.
The sling bullet hits the iguana but does no damage.
The iguana is heavily wounded.
The iguana misses you.
You shoot a sling bullet. The sling bullet hits the iguana.
The iguana is severely wounded.
The iguana bites you!
You shoot a sling bullet.
The sling bullet hits the iguana but does no damage.
The iguana is severely wounded.
The iguana bites you. x2
You shoot a sling bullet.
The sling bullet hits the iguana but does no damage.
The iguana is severely wounded.
The iguana bites you.
You shoot a sling bullet. The sling bullet hits the iguana.
The iguana is almost dead.
The iguana bites you!
You shoot a sling bullet.
The sling bullet closely misses the iguana.
The iguana bites you!
You shoot a sling bullet.
The sling bullet barely misses the iguana.
The iguana bites you!
You die...

###### ..#
########.#.# .#####
#.# .# #.... .....#
#.# .. ####. .###.#
#.# .# ##.# ## #.#
#.# #.## #.## ## #.#
#.# ...###. ######.#
.###.# #.# .......
.......<
.....#####.######l..#
#########
..#.............@..#
.........
#.#.######.#########
...<....# ......# #.#
#######.#
#.#.#.####.# #.#
..#.#...)..# #(#
###.######## #.# #.#
#.# #.# #.# #.# #.#


You could see an iguana.

Vanquished Creatures
  An orc wizard (D:4)
  3 gnolls
  3 adders
  A worm (D:2)
  A dart slug (D:3)
  6 orcs
  6 endoplasms
  A giant cockroach (D:1)
  10 hobgoblins
  6 jackals (D:1)
  11 kobolds
  A quokka (D:1)
  5 ball pythons
  5 bats
  2 frilled lizards
  4 goblins
  6 rats
72 creatures vanquished.

Notes
Turn   | Place    | Note
-------+----------+-------------------------------------------
     0 | D:1      | qw the Minotaur Hexslinger began the quest for the Orb.
     0 | D:1      | Reached XP level 1. HP: 16/16 MP: 1/1
     0 | D:1      | 0 ||| qw: Version: 0.3-a-24-ga2abf7b
     0 | D:1      | 0 ||| qw: Game counter: 6758
     0 | D:1      | 0 ||| qw: Melee chars always use a shield: true
     0 | D:1      | 0 ||| qw: God list: Okawaru
     0 | D:1      | 0 ||| qw: Allow faded altars: false
     0 | D:1      | 0 ||| qw: Do Orc after clearing Dungeon:15 true
     0 | D:1      | 0 ||| qw: Do second Lair branch before Depths: true
     0 | D:1      | 0 ||| qw: Lair rune preference: random
     0 | D:1      | 0 ||| qw: Goals: Normal
     0 | D:1      | 0 ||| PLANNING D:1-11
   152 | D:1      | Reached skill level 3 in Ranged Weapons
   152 | D:1      | Reached XP level 2. HP: 23/23 MP: 2/2
   472 | D:1      | Reached XP level 3. HP: 26/29 MP: 3/3
   792 | D:1      | 792 ||| UPGRADING to +0 ring mail.
   802 | D:1      | 802 ||| DROPPING +0 robe.
   803 | D:1      | 803 ||| READING scroll labelled SEAGIZ DIUL ALIUPP.
   804 | D:1      | 804 ||| READING scroll labelled PUWNECH ISOU.
   805 | D:1      | 805 ||| DROPPING scroll of poison.
   882 | D:2      | 882 ||| Stepping ~*~*~tactically~*~*~ (outnumbered).
   888 | D:2      | 888 ||| UPGRADING to +1 pair of gloves.
   892 | D:2      | HP: 6/29 [gnoll/+0 spear (4)]
   896 | D:2      | 896 ||| FLEEEEING.
   897 | D:2      | 897 ||| FLEEEEING.
   898 | D:2      | HP: 5/29 [gnoll/+0 spear (2)]
   900 | D:2      | Reached skill level 4 in Ranged Weapons
   903 | D:2      | HP: 2/29 [gnoll/+0 spear (4)]
   906 | D:2      | Reached skill level 1 in Armour
   906 | D:2      | 906 ||| FLEEEEING.
   907 | D:2      | 907 ||| FLEEEEING.
   908 | D:2      | 908 ||| FLEEEEING.
   909 | D:2      | 909 ||| FLEEEEING.
   910 | D:2      | 910 ||| FLEEEEING.
   911 | D:2      | 911 ||| FLEEEEING.
   912 | D:2      | 912 ||| FLEEEEING.
   913 | D:2      | 913 ||| FLEEEEING.
   914 | D:2      | 914 ||| FLEEEEING.
   915 | D:2      | 915 ||| FLEEEEING.
   916 | D:2      | 916 ||| FLEEEEING.
   917 | D:2      | 917 ||| FLEEEEING.
   918 | D:2      | 918 ||| FLEEEEING.
   919 | D:2      | 919 ||| FLEEEEING.
   921 | D:2      | 921 ||| FLEEEEING.
   922 | D:2      | 922 ||| FLEEEEING.
   923 | D:2      | 923 ||| FLEEEEING.
   924 | D:2      | 924 ||| FLEEEEING.
   925 | D:2      | 925 ||| FLEEEEING.
   926 | D:2      | 926 ||| FLEEEEING.
   927 | D:2      | 927 ||| FLEEEEING.
   928 | D:2      | 928 ||| FLEEEEING.
   929 | D:2      | 929 ||| FLEEEEING.
   930 | D:2      | 930 ||| STAIRDANCE
  1021 | D:2      | 1021 ||| STAIRDANCE
  1028 | D:1      | Reached XP level 4. HP: 17/36 MP: 4/4
  1829 | D:2      | 1829 ||| READING scroll labelled JEOPTIEBARPH.
  1830 | D:2      | 1830 ||| READING scroll labelled WAYBIE GOCLU.
  1831 | D:2      | 1831 ||| READING scroll labelled QILURGHUAHA.
  1894 | D:2      | 1894 ||| DRINKING 2 murky white potions.
  1975 | D:3      | Reached skill level 5 in Ranged Weapons
  2340 | D:3      | 2340 ||| READING scroll labelled NEUSAN TYCOOC.
  2341 | D:3      | 2341 ||| DRINKING 2 bubbling clear potions.
  2342 | D:3      | 2342 ||| DRINKING 2 glowing coppery potions.
  2343 | D:3      | 2343 ||| DROPPING potion of brilliance.
  2431 | D:4      | 2431 ||| DRINKING potion of curing.
  2431 | D:4      | 2431 ||| (to cure confusion)
  2433 | D:4      | Reached skill level 3 in Fighting
  2433 | D:4      | Reached XP level 5. HP: 31/45 MP: 5/5
  2450 | D:4      | 2450 ||| FLEEEEING.
  2451 | D:4      | 2451 ||| FLEEEEING.
  2560 | D:4      | Identified the +1 robe of Marbles {+Blink +Inv rC+ Dex+3}
  2657 | D:4      | HP: 7/45 [iguana (7)]
  2658 | D:4      | Slain by an iguana

Levels and vault maps discovered:
D:1:      minmay_arrival_doors, layout_loops_ring
D:2:      layout_basic, minmay_split_cup_large
D:3:      layout_basic
D:4:      layout_loops_ring, uniq_pikel

Skill      XL: |  1  2  3  4 |
---------------+-------------+-----
Ranged Weapons | 3 4 5 |  5.0
Fighting       | 2 3 |  3.4
Armour         | 1 |  1.1
Dodging        | |  2.1
Spellcasting   | |  1.0
Hexes          | |  2.0

Action                     |  1- 3 |  4- 6 || total
---------------------------+-------+-------++-------
   Fire: Sling             |   108 |   132 ||   240
    Use: Scroll            |     2 |     4 ||     6
         Potion            |       |     4 ||     4
 Armour: Robe              |     1 |       ||     1
         Ring mail         |     7 |    33 ||    40
  Dodge: Dodged            |    29 |    38 ||    67

Table legend:
 A = Non-vault XP
 B = Vault XP
 C = Vault XP percentage of total XP
 D = Non-vault monster count
 E = Vault monster count
 F = Vault count percentage of total count
                 A         B        C        D         E       F
            +---------+---------+-------+---------+---------+-------
      Total |     234 |       5 |   2.1 |      68 |       4 |   5.6
            +---------+---------+-------+---------+---------+-------
        D:1 |      62 |       0 |   0.0 |      31 |       0 |   0.0
        D:2 |      87 |       5 |   5.4 |      19 |       4 |  17.4
        D:3 |      28 |       0 |   0.0 |       9 |       0 |   0.0
        D:4 |      57 |       0 |   0.0 |       9 |       0 |   0.0
            +---------+---------+-------+---------+---------+-------
